 Dungeon Crawl Stone Soup version 0.29-a0-1006-g0dd7720b37 (webtiles) character file.

Game seed: 6315979773030863165

455 Mesmaeker13 the Insei (level 7, -1/43 HPs)
             Began as an Octopode Transmuter on Aug 6, 2022.
             Was an Initiate of Ashenzari.
             Slain by a steam dragon (7 damage)
             ... on level 6 of the Dungeon.
             The game lasted 00:06:37 (5513 turns).

Mesmaeker13 the Insei (Octopode Transmuter)         Turns: 5513, Time: 00:06:38

Health: -1/43      AC:  1    Str: 14    XL:     7   Next: 5%
Magic:  20/20      EV: 13    Int: 15    God:    Ashenzari [......]
Gold:   268        SH:  0    Dex: 17    Spells: 2/12 levels left

rFire   . . .      SeeInvis .   q - +8 hand axe "Jih Vugo" {drain, Str+3 Dex+4}
rCold   . . .      Faith    .   (no shield)
rNeg    . . .      Spirit   .   (helmet restricted)
rPois   .          Reflect  .   t - amulet of regeneration
rElec   .          Harm     .   i - ring of magical power
rCorr   +          Rampage  .   u - ring of Ashenzari's Adversity {rCorr, Cun, Melee} (curse)
Will    .....                   (no ring)
Stlth   +++.......              (no ring)
HPRegen 0.94/turn               (no ring)
MPRegen 0.17/turn               (no ring)
                                (no ring)
                                (no ring)

@: no status effects
A: almost no armour, amphibious, 8 rings, camouflage 1, gelatinous body 1,
(nimble swimmer 1), tentacles
a: Renounce Religion, Curse Item, Shatter the Chains


You were on level 6 of the Dungeon.
You worshipped Ashenzari.
Ashenzari was noncommittal.
You visited 2 branches of the dungeon, and saw 7 of its levels.

You collected 268 gold pieces.

Inventory:

Hand Weapons
 g - a +2 dagger of holy wrath
 h - a +1 short sword of flaming
 q - the +8 hand axe "Jih Vugo" (weapon) {drain, Str+3 Dex+4}
   (You found it on level 4 of the Dungeon)

   A truly terrible weapon, it drains the life of any living foe it strikes.
   Str:       It affects your strength (+3).
   Dex:       It affects your dexterity (+4).
 w - the +10 trident of Paut {vorpal, rPois rF- Str+6 Int-5}
   (You found it on level 4 of the Dungeon)

   It inflicts extra damage upon your enemies.
   Str:       It affects your strength (+6).
   Int:       It affects your intelligence (-5).
   rF:        It makes you vulnerable to fire.
   rPois:     It protects you from poison.
Missiles
 c - 6 poisoned darts
 l - 10 javelins (quivered)
Jewellery
 i - a ring of magical power (left tentacle)
 t - an amulet of regeneration (around mantle)
 u - the cursed ring of Ashenzari's Adversity (right tentacle) {rCorr, Cun, Melee}
   (You found it on level 4 of the Dungeon)

   [ring of resist corrosion]

   rCorr:     It protects you from acid and corrosion.
   It has a curse which improves the following skills: Cunning: Dodging and
   Stealth.
   Melee Combat: Short Blades, Long Blades, Axes, Maces & Flails, Polearms,
   Staves and Unarmed Combat.
Scrolls
 d - a scroll of acquirement {unknown}
 f - 2 scrolls of enchant armour
 k - a scroll of magic mapping
 m - a scroll of poison {unknown}
 r - a scroll of summoning {unknown}
 s - 2 scrolls of fear {unknown}
 v - 2 scrolls of teleportation {unknown}
 x - a scroll of amnesia {unknown}
 y - 2 scrolls of noise {unknown}
 z - 2 scrolls of identify
 B - a scroll of immolation {unknown}
 D - a scroll of fog {unknown}
Potions
 a - 2 potions of lignification
 b - 5 potions of curing
 e - 4 potions of heal wounds {unknown}
 j - a potion of haste {unknown}
 n - a potion of attraction {unknown}
 o - a potion of cancellation {unknown}
 p - a potion of degeneration {unknown}
 A - a potion of might {unknown}
 C - 2 potions of flight {unknown}


   Skills:
 - Level 1.0 Fighting
 - Level 2.0(2.3) Dodging
 + Level 4.8(5.3) Unarmed Combat
 - Level 3.1 Spellcasting
 + Level 4.2 Transmutations
 + Level 1.5 Ice Magic
 + Level 3.4 Poison Magic


You had 2 spell levels left.
You knew the following spells:

 Your Spells              Type           Power      Damage    Failure   Level
a - Beastly Appendage     Tmut           30%        N/A       3%          1
b - Wereblood             Tmut           15%        N/A       5%          2
c - Spider Form           Tmut/Pois      13%        N/A       12%         3
d - Ice Form              Ice/Tmut       11%        N/A       52%         4

Your spell library contained the following spells:

 Spells                   Type           Power      Damage    Failure   Level
 Iskenderun's Battlesphe  Conj           2%         2d6       99%         5
 Iron Shot                Conj/Erth      1%         9d1       100%        6
 Spellforged Servitor     Conj/Summ      1%         N/A       100%        7


Dungeon Overview and Level Annotations

Branches:
Dungeon (6/15)             Temple (1/1) D:4

Altars:
Ashenzari
Cheibriados
Dithmenos
Elyvilon
Fedhas
Hepliaklqana
Makhleb
Nemelex Xobeh
Okawaru
Qazlal
Ru
Sif Muna
Trog
Uskayaw
Vehumet
Wu Jian
Xom
Yredelemnul
Zin
The Shining One

Annotations:
D:3 Natasha, Sigmund


Innate Abilities, Weirdness & Mutations

You cannot wear most types of armour.
You are amphibious.
You can wear up to eight rings at the same time.
Your skin changes colour to match your surroundings (Stealth+).
Your rubbery body absorbs attacks. (AC +1, EV +1)
((You are camouflaged when in or above water. (Stealth+)))
You have tentacles for arms and can constrict up to eight enemies at once.


Message History

HP restored.
Found a stone staircase leading down.
You see here a +0 dagger of electrocution.
You open the door.
There is an open door here.
You see here a +0 dagger of electrocution.
You open the door.
There is an open door here.
z - 2 scrolls of identify (gained 1)
There is an open door here.
You open the door.
Found a stone staircase leading down.
There is an open door here.
A steam dragon comes into view.
There is an open door here.
Casting: Wereblood (safe; 5% risk of failure)
Confirm with . or Enter, or press ? or * to list all spells.
Okay, then.
The helpless steam dragon fails to defend itself.
You hit the steam dragon. You tentacle-slap the steam dragon.
Your squeeze misses the steam dragon.
The steam dragon is moderately wounded.
The steam dragon bites you! The steam dragon claws you.
The steam dragon bites you!
The steam dragon claws you but does no damage.
You hit the steam dragon.
The steam dragon is moderately wounded.
The steam dragon barely misses you. x2
You hit the steam dragon. You squeeze the steam dragon.
The steam dragon is severely wounded.
The steam dragon breathes steam at you. The ball of steam hits you!
* * * LOW HITPOINT WARNING * * *
Unknown command.
You hit the steam dragon.
The steam dragon is severely wounded.
You are engulfed in a cloud of scalding steam.
* * * LOW HITPOINT WARNING * * *
The steam dragon bites you!
You die...

#...# #. ........#...#
####. ........#..######
.....####......#..##....
........#......#...#....
........#..>...#...#....
........#......#...#....
.......D#......#...#....
#.@#......#'###....
##.§##.............#
#..§.'.............#
#....#.............#
#....#.....).......#
###+##.............#
########'###### #....#
#....#


You could see a steam dragon (catching breath).

Vanquished Creatures
  A phantom (D:6)
  2 jellies
  3 hounds
  An orc priest (D:4)
  An iguana (D:4)
  2 orc wizards (D:3)
  7 adders
  2 white imps (D:5)
  An ufetubus (D:4)
  A dart slug (D:2)
  6 orcs
  2 endoplasms
  3 giant cockroaches
  6 goblins
  A hobgoblin (D:2)
  9 kobolds
  2 quokkas (D:3)
  A ball python (D:2)
  2 bats
  5 frilled lizards
  3 rats
61 creatures vanquished.

Vanquished Creatures (others)
  2 plants (D:4)
2 creatures vanquished.

Grand Total: 63 creatures vanquished

Notes
Turn   | Place    | Note
-------+----------+-------------------------------------------
     0 | D:1      | Mesmaeker13 the Octopode Transmuter began the quest for the
                  | Orb.
     0 | D:1      | Reached XP level 1. HP: 13/13 MP: 3/3
   513 | D:1      | Reached XP level 2. HP: 15/18 MP: 3/5
  1056 | D:2      | Learned a level 2 spell: Wereblood
  2207 | D:3      | Noticed Natasha
  2216 | D:3      | Noticed a crimson imp
  2436 | D:3      | Noticed Sigmund
  2444 | D:4      | Reached XP level 3. HP: 5/23 MP: 7/7
  2657 | D:4      | Learned a level 3 spell: Spider Form
  2723 | D:4      | Reached XP level 4. HP: 23/28 MP: 8/8
  2962 | D:4      | Identified the +8 hand axe "Jih Vugo" {drain, Str+3 Dex+4}
  3235 | D:3      | Reached skill level 1 in Poison Magic
  3235 | D:3      | Reached XP level 5. HP: 5/33 MP: 9/9
  3240 | D:3      | HP: 1/33 [endoplasm (1)]
  3640 | D:4      | Found a staircase to the Ecumenical Temple.
  3649 | Temple   | Entered the Ecumenical Temple
  3927 | Temple   | Became a worshipper of Ashenzari the Shackled
  4484 | D:4      | Reached XP level 6. HP: 33/38 MP: 10/10
  4533 | D:4      | Identified the +10 trident of Paut {vorpal, rPois rF- Str+6
                  | Int-5}
  4804 | D:5      | Entered Level 5 of the Dungeon
  4810 | D:5      | Learned a level 4 spell: Ice Form
  4961 | D:5      | Reached skill level 1 in Ice Magic
  5438 | D:6      | Reached XP level 7. HP: 29/43 MP: 11/11
  5505 | D:6      | Noticed a steam dragon
  5513 | D:6      | Slain by a steam dragon

Illustrated notes

Levels and vault maps discovered:
D:1:      wheals_arrival_linesprint, layout_loops_corners, minmay_tetromino_o2
D:2:      layout_loops_corners
D:3:      layout_loops_ring, gammafunk_temple_overflow_pools,
          gammafunk_ghost_necromancy, uniq_sigmund, uniq_natasha
D:4:      layout_loops_corners, minmay_temple_entry_arrows,
          guppyfry_early_lair_pool
D:5:      layout_rooms, serial_corexii_hall, chequers_hall_statues_y,
          corexii_hall_statues_l
D:6:      layout_gridville, serial_shops, nicolae_shop_behind_doors,
          nrook_mini_vaults
Temple:   mainiacjoe_temple_cubbyholes

Skill      XL: |  1  2  3  4  5  6 |
---------------+-------------------+-----
Transmutations | 3 4 |  4.2
Spellcasting   | 3 |  3.1
Poison Magic   | 1 2 3 |  3.4
Unarmed Combat | 4 |  4.8
Ice Magic      | 1 |  1.5
Fighting       | |  1.0
Dodging        | |  2.0

Action                   |  1- 3 |  4- 6 |  7- 9 || total
-------------------------+-------+-------+-------++-------
Melee: Unarmed           |    45 |    24 |       ||    69
       Kick              |    12 |     2 |       ||    14
       Constrict         |    11 |    11 |       ||    22
       Tentacles         |     7 |     7 |     1 ||    15
       Punch             |     1 |     1 |     1 ||     3
       Hand axe          |       |    47 |     4 ||    51
Throw: Javelin           |       |     2 |       ||     2
 Cast: Beastly Appendage |    18 |     1 |       ||    19
       Spider Form       |       |     2 |       ||     2
       Wereblood         |       |     1 |       ||     1
Invok: Curse Item        |       |     1 |       ||     1
  Use: Scroll            |       |     3 |       ||     3
 Stab: Sleeping          |     6 |       |     1 ||     7
Armor: Skin              |     4 |     2 |     1 ||     7
Dodge: Dodged            |    23 |    34 |     2 ||    59

Table legend: (Time is in decaauts)
 A = Elapsed time spent in this place.
 B = Non-inter-level travel time spent in this place.
 C = Inter-level travel time spent in this place.
 D = Time resting spent in this place.
 E = Time spent auto-exploring this place.
 F = Levels seen in this place.
 G = Mean time per level.
                   A        B        C        D        E       F      G
               +--------+--------+--------+--------+--------+-----+--------+
         Total |   5523 |   5299 |    224 |    829 |   3825 |   7 |  789.0 |
       Dungeon |   5158 |   4986 |    172 |    829 |   3527 |   6 |  859.7 |
        Temple |    364 |    312 |     52 |      0 |    298 |   1 |  364.0 |
               +--------+--------+--------+--------+--------+-----+--------+

Top non-repeatable levels by time:
     D:2: 1402 daAuts
     D:4: 1335 daAuts
     D:1: 1067 daAuts
     D:3: 638 daAuts
     D:5: 594 daAuts
  Temple: 364 daAuts
     D:6: 119 daAuts
